Map: Ascension to Aiur LE

Players

DnS - Winner!

  • Race: Protoss Protoss
  • Spawn Location: 5:00

Zanster

  • Race: Zerg Zerg
  • Spawn Location: 11:00

Event: WCS Montreal 2017

VOD

Have the link to the VOD?

Description

Time

  • Played on: Sept. 8, 2017, 3:12 p.m.
  • Length: 7:23

All games in this series

Show
View Real Time Build Order
Export as new Build Order

DnS Protoss - Winner!

Build Orders: 1 Gate Expand, Oracle Opening, Phoenix Opening, Zealot Archon, Archon Drop 

Get SALT Encoding   

  12  0:01  Probe (Chrono Boost)  
  13  0:11  Probe (Chrono Boost)  
  14  0:17  Pylon  
  14  0:22  Probe (Chrono Boost)  
  15  0:35  Probe (Chrono Boost)  
  16  0:38  Gateway  
  16  0:46  Probe (Chrono Boost)  
  16  0:47  Assimilator  
  17  0:56  Probe (Chrono Boost)  
  18  1:07  Probe (Chrono Boost)  
  19  1:19  Nexus  
  19  1:22  Probe (Chrono Boost)  
  20  1:32  Cybernetics Core  
  20  1:35  Probe (Chrono Boost)  
  21  1:40  Assimilator  
  21  1:45  Probe (Chrono Boost)  
  22  1:49  Pylon  
  22  1:56  Probe (Chrono Boost)  
  23  2:07  Probe  
  24  2:08  Warp Gate  
  24  2:09  Adept (Chrono Boost)  
  26  2:19  Probe  
  27  2:30  Probe  
  27  2:31  Stargate  
  27  2:32  Probe  
  29  2:39  Adept (Chrono Boost)  
  29  2:41  Probe  
  29  2:44  Probe  
  33  2:51  Probe  
  33  2:56  Probe  
  33  2:57  Gateway  
  35  3:03  Probe (Chrono Boost)  
  36  3:07  Adept (Chrono Boost)  
  36  3:08  Probe (Chrono Boost)  
  39  3:13  Probe (Chrono Boost), Pylon  
  39  3:17  Oracle (Chrono Boost)  
  39  3:19  Probe  
  44  3:23  Probe  
  45  3:29  Gateway  
  45  3:31  Probe  
  45  3:34  Probe  
  46  3:35  Pylon  
  47  3:43  Probe  
  47  3:44  Probe  
  51  3:48  Assimilator, Phoenix (Chrono Boost)  
  51  3:50  Assimilator  
  51  3:55  Probe x2  
  52  4:02  Robotics Facility  
  53  4:05  Probe  
  53  4:07  Probe  
  53  4:09  Twilight Council  
  55  4:12  Forge  
  53  4:28  Probe  
  53  4:31  Mothership Core  
  54  4:36  Protoss Ground Weapons Level 1, Oracle (Chrono Boost)  
  59  4:43  Nexus  
  59  4:46  Pylon  
  59  4:48  Charge (Chrono Boost)  
  58  4:57  Warp Prism, Zealot  
  62  5:12  Gateway  
  62  5:13  Gateway  
  60  5:15  Probe, Gateway  
  60  5:18  Templar Archives  
  60  5:33  Probe, Gateway  
  60  5:34  Probe, Gateway  
  62  5:40  Zealot x2  
  62  5:41  Zealot  
  68  5:45  Probe  
  69  5:51  Probe  
  69  5:53  Pylon  
  69  5:55  Pylon  
  70  5:57  Probe  
  70  5:58  Probe  
  70  6:03  Probe  
  73  6:04  Pylon  
  73  6:06  High Templar x3  
  73  6:09  Probe x2  
  77  6:11  Archon  
  77  6:17  High Templar, Zealot x2  
  83  6:19  Probe  
  83  6:21  Probe, Archon  
  83  6:23  Probe  
  86  6:27  Pylon  
  86  6:30  Zealot x2  
  88  6:36  Probe  
  88  6:37  Probe  
  88  6:38  Probe  
  88  6:39  Pylon  
  88  6:42  High Templar x2  
  88  6:43  Zealot  
  88  6:47  Archon  
  93  6:49  Zealot x3  
  93  6:53  Zealot  
  95  7:00  Probe  
  95  7:01  Probe  
  94  7:02  Probe  
  94  7:07  Zealot x2  
  94  7:11  Probe  
  89  7:17  Zealot x4  
Show
View Real Time Build Order
Export as new Build Order

Zanster Zerg 

Build Orders: Hatch First 

Get SALT Encoding   

  12  0:01  Drone  
  13  0:13  Overlord  
  13  0:16  Drone  
  14  0:32  Drone x2  
  16  0:36  Drone  
  17  0:52  Hatchery  
  17  0:55  Drone  
  17  0:58  Drone  
  18  1:09  Extractor  
  17  1:14  Spawning Pool  
  17  1:16  Drone  
  17  1:20  Drone  
  18  1:30  Drone  
  19  1:41  Drone  
  20  1:51  Overlord  
  20  2:01  Queen  
  22  2:04  Queen  
  22  2:05  Zergling x4  
  26  2:09  Metabolic Boost  
  26  2:13  Drone  
  26  2:15  Drone  
  28  2:23  Drone  
  28  2:26  Drone  
  30  2:36  Hatchery  
  29  2:38  Drone  
  30  2:45  Queen  
  30  2:48  Drone  
  30  2:50  Drone  
  34  2:56  Overlord  
  34  2:57  Zergling x2  
  35  3:01  Overlord  
  35  3:06  Drone  
  36  3:14  Drone x3  
  36  3:16  Drone  
  36  3:17  Drone x2  
  36  3:19  Drone  
  43  3:24  Spore Crawler  
  43  3:25  Drone  
  44  3:27  Drone  
  45  3:34  Drone  
  45  3:38  Spore Crawler  
  45  3:41  Overlord  
  45  3:44  Zergling x6  
  45  3:47  Zergling x2  
  49  3:49  Queen, Drone  
  53  3:55  Drone  
  53  3:56  Drone x3  
  53  3:58  Spore Crawler  
  53  4:01  Drone x2  
  57  4:05  Drone  
  57  4:08  Spore Crawler  
  57  4:12  Extractor  
  57  4:15  Drone x2  
  57  4:18  Drone x2  
  57  4:19  Drone x3  
  57  4:22  Drone  
  60  4:30  Overlord x2  
  59  4:36  Lair  
  59  4:38  Evolution Chamber  
  58  4:39  Baneling Nest, Drone  
  58  4:49  Overlord  
  58  4:52  Drone x3  
  61  4:53  Drone x3  
  61  4:55  Drone  
  61  4:56  Drone x2  
  61  4:57  Drone  
  61  4:58  Drone  
  61  4:59  Drone x2  
  71  5:05  Overlord  
  71  5:06  Drone  
  71  5:07  Drone  
  71  5:10  Zerg Melee Weapons Level 1  
  71  5:12  Extractor  
  71  5:14  Extractor x2  
  70  5:15  Extractor  
  70  5:18  Drone  
  70  5:20  Drone  
  71  5:23  Drone  
  71  5:24  Drone x2  
  71  5:26  Hatchery  
  71  5:27  Overlord  
  72  5:30  Drone  
  72  5:31  Zergling x8  
  77  5:38  Zergling x10  
  82  5:44  Hydralisk Den  
  82  5:45  Centrifical Hooks  
  81  5:50  Drone  
  81  5:53  Overlord  
  81  5:54  Overlord  
  80  6:01  Overlord  
  80  6:03  Zergling x14  
  87  6:06  Overlord  
  85  6:16  Hydralisk  
  85  6:17  Hydralisk x5  
  97  6:21  Hydralisk  
  97  6:25  Hydralisk x2  
  98  6:30  Overlord  
  102  6:34  Hydralisk x2  
  102  6:37  Overlord  
  104  6:40  Hydralisk  
  104  6:41  Zergling x2, Hydralisk  
  104  6:44  Hydralisk  
  104  6:45  Zergling x10  
  105  6:52  Hydralisk  
  105  6:53  Zergling x6  
  101  6:58  Zergling x6  
Tags
 
Add a new tag
Caveats
  • Supply blocks, unpowered buildings, or Contaminate may cause inaccurate times.
  • Supply counts are checked every 10 seconds.